 Dungeon Crawl Stone Soup version 0.31.0-9-g3a7656b989 (webtiles) character file.

Game seed: 11336627491028117026

38 qw the Shooter (level 3, -9/18 HPs)
             Began as a Spriggan Hunter on Feb 2, 2024.
             Mangled by a goblin
             ... wielding a +5 dagger
             ... led by Robin
              (10 damage)
             ... on level 2 of the Dungeon.
             The game lasted 00:00:02 (693 turns).

qw the Shooter (Spriggan Hunter)                     Turns: 693, Time: 00:00:03

Health: -9/18      AC:  2    Str:  7    XL:     3   Next: 25%
Magic:  4/4        EV: 19    Int: 10    God:
Gold:   33         SH:  0    Dex: 18    Spells: 2/2 levels left

rFire   . . .        a - +2 shortbow (heavy)
rCold   . . .        (shield currently unavailable)
rNeg    . . .        c - +0 robe
rPois   .            (helmet restricted)
rElec   .            (no cloak)
rCorr   .            (gloves unavailable)
SInv    +            (boots unavailable)
Will    .....        (no amulet)
Stlth   ++           (no ring)
HPRegen 0.23/turn    (no ring)
MPRegen 0.09/turn

%: no passive effects
@: very quick
A: very small, no large weapons, unfitting armour, see invisible, speed 3,
clumsy 1
a: no special abilities


You were on level 2 of the Dungeon.
You visited 1 branch of the dungeon, and saw 2 of its levels.

You collected 33 gold pieces.


Innate Abilities, Weirdness & Mutations

You are very small and have problems with some larger weapons.
You are too small for most types of armour.
You have supernaturally acute eyesight. (SInv)
You cover ground extremely quickly. (Speed+++)
You are clumsy. (Dex -2)


   Skills:
 - Level 1.5 Fighting
 + Level 4.5 Ranged Weapons
 - Level 4.0 Dodging
 - Level 1.5 Stealth


You had 2 spell levels left.
You didn't know any spells.
Your spell library was empty.

Inventory:

Hand Weapons
 a - a +2 heavy shortbow (weapon)
Armour
 c - a +0 robe (worn)
Scrolls
 b - a scroll of silence {unknown}
 e - a scroll of blinking {unknown}
Potions
 d - a potion of cancellation {unknown}
 h - a potion of mutation

Dungeon Overview and Level Annotations

Branches:
Dungeon (2/15)

Altars:

Shops:
D:1 ?

Annotations:
D:2 Robin


Message History

The goblin shouts!
You shoot an arrow. The hobgoblin shouts!
The goblin shouts!
The arrow hits the goblin!
You kill the goblin!
You hear a shout!
A hobgoblin comes into view.
A goblin comes into view. It is wielding a +0 dagger.
Robin of the Strong Arm comes into view.
They are wielding a +0 mace.
Robin shouts!
You shoot an arrow. The goblin shouts!
The arrow hits the goblin.
You kill the goblin!
You hear a shout!
Robin roars a battlecry!
The goblins go into a battle-frenzy!
A goblin comes into view. It is wielding a +0 club.
You shoot an arrow. The arrow hits the goblin!!
You kill the goblin!
Robin says, "Bow before me, strongest of all the hobgoblins!"
The goblin closely misses you.
You shoot an arrow. The arrow barely misses the goblin.
The arrow closely misses the goblin.
The arrow hits the goblin!
You kill the goblin!
Robin throws the goblin at you! The goblin closely misses you.
The goblin misses you. The hobgoblin barely misses you.
You shoot an arrow. The arrow hits the hobgoblin.
The hobgoblin is lightly wounded.
The goblin misses you. x2; The hobgoblin barely misses you.
The goblin barely misses you. The hobgoblin closely misses you.
The goblin misses you. The goblin closely misses you.
The goblin barely misses you.
You shoot an arrow. The arrow hits the hobgoblin!
You kill the hobgoblin!
The goblin hits you with a +0 club. The goblin hits you with a +5 dagger!
The goblin barely misses you. The goblin hits you with a +0 dagger.
The goblin misses you. The goblin hits you with a +5 dagger!
Ouch! That really hurt!
You die...

#............#
##.############
#...#####
#.......###########
#...##.#........#.#
#...##.#..........#
##...##.#........#.####
#.....gg#.............#
#....gg@.....#.######.#
#....gg#####.#....<...#
#.....g #.#####.#..#
#...).g #.#.....#..#
#...... #.#........#
#...... #.#######.##
#...... #.......#.#
#...... #######.#.###
#.#...#


You could see Robin, a hobgoblin (strong) and 6 goblins.

Vanquished Creatures
  A ribbon worm (D:2)
  2 dart slugs (D:1)
  4 bats (D:1)
  2 endoplasms
  7 goblins
  2 hobgoblins
  4 jackals (D:2)
  A quokka (D:2)
  2 frilled lizards
  A kobold (D:2)
  3 rats (D:1)
29 creatures vanquished.

Notes
Turn   | Place    | Note
-------+----------+-------------------------------------------
     0 | D:1      | qw the Spriggan Hunter began the quest for the Orb.
     0 | D:1      | Reached XP level 1. HP: 10/10 MP: 2/2
     0 | D:1      | 0 ||| qw: Version: 0.3-a-155-g5e7d8dd
     0 | D:1      | 0 ||| qw: Game counter: 384
     0 | D:1      | 0 ||| qw: Melee chars always use a shield: true
     0 | D:1      | 0 ||| qw: God list: Okawaru
     0 | D:1      | 0 ||| qw: Allow faded altars: false
     0 | D:1      | 0 ||| qw: Do Orc after clearing Dungeon:15 true
     0 | D:1      | 0 ||| qw: Do second Lair branch before Depths: true
     0 | D:1      | 0 ||| qw: Lair rune preference: random
     0 | D:1      | 0 ||| qw: Goals: Normal
     0 | D:1      | 0 ||| PLANNING D:1-11
    76 | D:1      | Reached skill level 3 in Dodging
   214 | D:1      | Reached XP level 2. HP: 14/14 MP: 3/3
   320 | D:1      | Found Dasapu's Magic Scroll Shoppe.
   329 | D:1      | 329 ||| SHOPLISTING scroll of enchant weapon (75 gold, have
                  | 13).
   329 | D:1      | 329 ||| SHOPLISTING scroll of identify (20 gold, have 13).
   469 | D:1      | 469 ||| READING scroll labelled XUF XUADWE.
   470 | D:1      | 470 ||| READING scroll labelled ORHEMIEKLA.
   470 | D:1      | 470 ||| ENCHANTING +0 shortbow.
   471 | D:1      | 471 ||| READING scroll labelled KUIJUGATITZ.
   471 | D:1      | 471 ||| BRANDING +1 shortbow.
   472 | D:1      | 472 ||| READING scroll labelled EDEUFE QILENT.
   473 | D:1      | 473 ||| DRINKING 2 sedimented purple potions.
   473 | D:1      | Gained mutation: You are clumsy. (Dex -2) [potion of
                  | mutation]
   474 | D:1      | 474 ||| DROPPING scroll of butterflies.
   605 | D:2      | Reached XP level 3. HP: 15/18 MP: 4/4
   628 | D:2      | 628 ||| READING scroll of enchant weapon.
   628 | D:2      | 628 ||| ENCHANTING +1 heavy shortbow.
   688 | D:2      | Noticed Robin
   693 | D:2      | HP: 1/18 [goblin/+0 dagger[Robin] (5)]
   693 | D:2      | Mangled by a goblin

Levels and vault maps discovered:
D:1:      ncdulo_halloftheorcs, layout_basic, serial_shops, nicolae_square_shop
D:2:      layout_basic, basic_altar, uniq_robin

Skill      XL: |  1  2 |
---------------+-------+-----
Dodging        | 3 4 |  4.0
Fighting       | |  1.5
Ranged Weapons | |  4.5
Stealth        | |  1.5

Action                     || total
---------------------------++-------
   Fire: Shortbow          ||    70
    Use: Scroll            ||     5
         Potion            ||     1
 Armour: Robe              ||    14
  Dodge: Dodged            ||    47

Table legend:
 A = Non-vault XP
 B = Vault XP
 C = Vault XP percentage of total XP
 D = Non-vault monster count
 E = Vault monster count
 F = Vault count percentage of total count
                 A         B        C        D         E       F
            +---------+---------+-------+---------+---------+-------
      Total |      47 |      10 |  17.5 |      24 |       5 |  17.2
            +---------+---------+-------+---------+---------+-------
        D:1 |      28 |       0 |   0.0 |      15 |       0 |   0.0
        D:2 |      19 |      10 |  34.5 |       9 |       5 |  35.7
            +---------+---------+-------+---------+---------+-------
